 Dungeon Crawl Stone Soup version 0.28.0-62-gf88900778d (webtiles) character file.

Game seed: 6580087586659778696

22227 cbfl8 the Severer (level 12, -4/106 HPs)
             Began as a Minotaur Berserker on July 2, 2023.
             Was an Elder of Trog.
             Slain by a spatial maelstrom (22 damage)
             ... on level 3 of the Abyss.
             The game lasted 00:16:27 (12921 turns).

cbfl8 the Severer (Minotaur Berserker)             Turns: 12921, Time: 00:16:28

Health: -4/106     AC: 18    Str: 26    XL:     12   Next: 61%
Magic:  11/11      EV:  8    Int:  4    God:    Trog [****..]
Gold:   219        SH: 13    Dex: 14    Spells: 11/11 levels left

rFire   . . .      SeeInvis .   x - +0 war axe (venom)
rCold   . . .      Faith    .   t - +0 tower shield
rNeg    + + .      Spirit   .   F - +1 chain mail {rN+}
rPois   .          Reflect  .   H - +2 hat {Stlth+}
rElec   .          Harm     .   (no cloak)
rCorr   .          Rampage  .   n - +1 pair of gloves {Str+3}
Will    ++...                   A - +0 pair of boots
Stlth   +.........              j - amulet of regeneration
HPRegen 1.00/turn               B - ring of positive energy
MPRegen 0.12/turn               (no ring)

@: strong-willed, sick, regenerating
A: horns 2, retaliatory headbutt
a: Renounce Religion, Berserk, Trog's Hand, Brothers in Arms


You were on level 3 of the Abyss.
You worshipped Trog.
Trog was greatly pleased with you.
You visited 1 branch of the dungeon, and saw 13 of its levels.
You visited the Abyss 1 time.
You also visited: Ossuary.

You collected 880 gold pieces.
You spent 661 gold pieces at shops.

Inventory:

Hand Weapons
 c - a +0 broad axe
 x - a +0 war axe of venom (weapon)
 G - a +2 vampiric war axe
Armour
 n - a +1 pair of gloves of strength (worn)
 t - a +0 tower shield (worn)
 A - a +0 pair of boots (worn)
 F - a +1 chain mail of positive energy (worn)
 H - a +2 hat of stealth (worn)
Jewellery
 j - an amulet of regeneration (around neck)
 B - a ring of positive energy (left hand)
Wands
 k - a wand of polymorph (13)
 l - a wand of paralysis (2)
 y - a wand of flame (4)
Scrolls
 a - 2 scrolls of enchant armour
 b - a scroll of blinking
 m - 4 scrolls of noise
 o - 2 scrolls of enchant weapon
 s - 3 scrolls of silence
 v - 5 scrolls of teleportation
 z - 3 scrolls of fog
 E - a scroll of magic mapping
Potions
 d - 3 potions of cancellation {unknown}
 e - 3 potions of curing
 f - 3 potions of mutation {unknown}
 g - a potion of invisibility {unknown}
 h - a potion of flight {unknown}
 i - 2 potions of magic {unknown}
 p - a potion of haste
 r - a potion of might {unknown}
 u - a potion of ambrosia {unknown}
 D - a potion of heal wounds {unknown}
Miscellaneous
 w - a piece from Xom's chessboard (15/15)
 C - a phantom mirror
 J - a tin of tremorstones (2/2)


   Skills:
 + Level 10.0 Fighting
 * Level 16.3 Axes
 + Level 10.0 Armour
 * Level 7.2 Dodging
 * Level 5.8 Stealth
 + Level 3.8 Shields
 * Level 6.8 Evocations


You had 11 spell levels left.
You didn't know any spells.
Your spell library was empty.

Dungeon Overview and Level Annotations

Branches:
Dungeon (13/15)            Temple (0/1) D:7            Lair (0/6) D:9
    Orc (0/2) D:9          Vaults (0/5) D:13        Ossuary (visited)

Altars:
Ru
Beogh

Shops:
D:8 (   D:11 *[[   D:13 ?

Annotations:
D:10 2 transporters, cbfl8's ghost, journeyman MiBe
D:12 exclusion: ice statue


Innate Abilities, Weirdness & Mutations

You have a pair of horns on your head.
You reflexively headbutt those who attack you in melee.


Message History

You hit the spatial maelstrom but do no damage.
You headbutt the spatial maelstrom!
The spatial maelstrom is lightly damaged.
The spatial maelstrom hits you! Space warps horribly around you!
The spatial maelstrom hits you but does no damage.
You slash the spatial maelstrom!
Your headbutt misses the spatial maelstrom.
The spatial maelstrom is moderately damaged.
You block the spatial maelstrom's attack.
The spatial maelstrom hits you but does no damage.
The spatial maelstrom hits you! Space warps horribly around you!!
The spatial maelstrom hits you but does no damage.
A spatial vortex comes into view.
You slash the spatial maelstrom! You headbutt the spatial maelstrom!
The spatial maelstrom is severely damaged.
You block the spatial maelstrom's attack.
The spatial maelstrom hits you but does no damage.
You block the spatial maelstrom's attack.
The spatial maelstrom hits you but does no damage.
You hit the spatial maelstrom but do no damage.
The spatial maelstrom is severely damaged.
The spatial maelstrom hits you! Space warps horribly around you!
The spatial maelstrom hits you. Space warps around you.
A large abomination comes into view.
The spatial maelstrom hits you but does no damage.
You block the spatial maelstrom's attack.
You hit the spatial maelstrom.
The spatial maelstrom is severely damaged.
The spatial maelstrom hits you. The spatial maelstrom hits you!
* * * LOW HITPOINT WARNING * * *
You blink.
Your skin crawls.
You feel strong-willed.
The spatial maelstrom hits you but does no damage.
You block the spatial maelstrom's attack.
The spatial maelstrom hits you but does no damage. x2
The spatial maelstrom hits you!
* * * LOW HITPOINT WARNING * * *
Space warps horribly around you!!
You die...

. . # ## ..# #.#
#.# ####.# #.
##.##.# .
..####...#.# X#
..'....@v..#####
.#
#.##.#........X#..
.###.##.###...# #
#.##.# #.##.#
#.##.# #.# .#
#.#... #. # #.##.#
#. #..... . # ##
#.# ###


You could see a spatial maelstrom and a large abomination.

Vanquished Creatures
  Frances (D:13)
  2 hydras (D:12)
  Erica (D:9)
  3 two-headed ogres
  A tengu warrior (D:11)
  A deep elf pyromancer (D:13)
  2 ugly things
  A necromancer (D:13)
  2 cyclopes
  A manticore (D:11)
  A smoke demon (Abyss:3)
  4 gargoyles
  Maggie (D:6)
  An ice devil (D:12)
  An ancient zyme (Abyss:3)
  An efreet (D:13)
  6 trolls
  Grinder (D:5)
  Prince Ribbit (D:6)
  9 slime creatures
  Sigmund (D:2)
  A shadow (D:11)
  2 wraiths
  19 yaks
  An acid dragon (D:6)
  8 water moccasins
  5 hell hounds (Abyss:3)
  5 orc warriors
  An ice beast (D:6)
  A swamp drake (D:9)
  A hornet zombie (D:7)
  3 ogres
  A black bear (D:5)
  3 boggarts (D:12)
  3 centaurs
  An elf zombie (Ossuary)
  A kobold brigand (D:8)
  A gnoll sergeant (D:10)
  A wyvern zombie (D:6)
  A scorpion (D:7)
  7 bullfrogs
  A wyvern skeleton (D:5)
  A water moccasin skeleton (D:4)
  3 killer bees (D:8)
  7 wights (D:8)
  4 jellies
  2 bullfrog zombies
  6 orc priests
  5 hounds
  4 centaur zombies
  3 bullfrog skeletons
  2 iguanas (D:5)
  Ijyb (D:3)
  6 orc wizards
  A killer bee zombie (D:9)
  4 mummies (Ossuary)
  A howler monkey zombie (D:8)
  3 gnolls (D:10)
  4 adders
  An adder zombie (Ossuary)
  A worm (D:5)
  9 dart slugs (D:3)
  41 orcs
  4 bats
  6 endoplasms
  A giant cockroach (D:2)
  2 gnoll zombies (Ossuary)
  4 goblins
  A hobgoblin (D:1)
  7 jackals
  11 kobolds
  7 ball pythons
  3 frilled lizards
  2 goblin zombies (Ossuary)
  A hobgoblin zombie (Ossuary)
  A jackal zombie (Ossuary)
  A kobold zombie (Ossuary)
  2 orc zombies (Ossuary)
  3 rats
  A rat zombie (Ossuary)
275 creatures vanquished.

Vanquished Creatures (collateral kills)
  2 ufetubi (D:12)
2 creatures vanquished.

Vanquished Creatures (others)
  11 fungi (D:9)
  10 plants (D:9)
21 creatures vanquished.

Grand Total: 298 creatures vanquished

Notes
Turn   | Place    | Note
-------+----------+-------------------------------------------
     0 | D:1      | cbfl8 the Minotaur Berserker began the quest for the Orb.
     0 | D:1      | Reached XP level 1. HP: 19/19 MP: 0/0
   163 | D:1      | Reached skill level 4 in Axes
   165 | D:1      | Reached XP level 2. HP: 12/27 MP: 1/1
   542 | D:1      | Found a faded altar of an unknown god.
   755 | D:2      | Noticed Sigmund
   758 | D:2      | You fall into a shaft and drop 2 floors!
   897 | D:4      | Reached XP level 3. HP: 25/33 MP: 2/2
  1228 | D:3      | Reached XP level 4. HP: 33/40 MP: 3/3
  1359 | D:3      | Reached skill level 5 in Axes
  1383 | D:3      | Reached ** piety under Trog
  1596 | D:3      | Noticed Ijyb
  1610 | D:3      | Killed Ijyb
  1611 | D:3      | Reached skill level 1 in Evocations
  2121 | D:2      | Killed Sigmund
  2122 | D:2      | Reached skill level 6 in Axes
  2122 | D:2      | Reached XP level 5. HP: 27/47 MP: 4/4
  2122 | D:2      | Reached XP level 6. HP: 30/53 MP: 5/5
  2765 | D:4      | Reached skill level 1 in Stealth
  2834 | D:4      | Reached skill level 7 in Axes
  3001 | D:4      | Reached XP level 7. HP: 60/60 MP: 6/6
  3027 | D:5      | Entered Level 5 of the Dungeon
  3138 | D:5      | Reached skill level 5 in Fighting
  3180 | D:5      | Found a sacrificial altar of Ru.
  3182 | D:5      | Noticed Grinder
  3187 | D:5      | Paralysed by Grinder for 4 turns
  3199 | D:5      | Killed Grinder
  3200 | D:5      | Reached skill level 8 in Axes
  3281 | D:5      | Found a sand-covered staircase.
  3318 | Ossuary  | Entered an ossuary
  3559 | D:5      | Reached XP level 8. HP: 60/69 MP: 7/7
  3667 | D:5      | Reached skill level 9 in Axes
  3827 | D:5      | Reached *** piety under Trog
  4539 | D:6      | Noticed Maggie
  4550 | D:6      | Killed Maggie
  4551 | D:6      | Reached skill level 10 in Axes
  4551 | D:6      | Reached skill level 5 in Armour
  4898 | D:6      | Noticed Prince Ribbit
  4911 | D:6      | Killed Prince Ribbit
  4912 | D:6      | Reached skill level 11 in Axes
  4912 | D:6      | Reached XP level 9. HP: 73/75 MP: 8/8
  5330 | D:7      | Found a staircase to the Ecumenical Temple.
  5843 | D:7      | Found the +7 staff of the Meek {protect, meekguard}
  6547 | D:8      | Reached skill level 12 in Axes
  6662 | D:8      | Found Obroum's Antique Weapon Shoppe.
  7588 | D:9      | Reached XP level 10. HP: 88/88 MP: 9/9
  7595 | D:9      | Noticed a cyclops
  7605 | D:9      | Reached skill level 13 in Axes
  7611 | D:9      | Killed a cyclops
  7611 | D:9      | Reached **** piety under Trog
  7709 | D:9      | Found a staircase to the Lair.
  8148 | D:9      | Found a staircase to the Orcish Mines.
  8148 | D:9      | Noticed Erica
  8180 | D:9      | Killed Erica
  8181 | D:9      | Reached skill level 5 in Evocations
  8443 | D:8      | Bought a glowing war axe for 110 gold pieces
  8462 | D:10     | Entered Level 10 of the Dungeon
  8496 | D:10     | Reached skill level 14 in Axes
  8595 | D:10     | Found a transporter.
  8597 | D:10     | Found a transporter.
  8605 | D:10     | Noticed cbfl8's ghost (journeyman MiBe)
  8605 | D:10     | Noticed a two-headed ogre
  8606 | D:10     | Noticed a two-headed ogre
  8606 | D:10     | Noticed a two-headed ogre
  8607 | D:10     | Noticed a two-headed ogre
  8876 | D:10     | Noticed a two-headed ogre
  8882 | D:10     | Killed a two-headed ogre
  8883 | D:10     | Reached XP level 11. HP: 58/95 MP: 10/10
  8936 | D:10     | Reached skill level 5 in Dodging
  9120 | D:11     | Found Honguata's Armour Boutique.
  9142 | D:11     | Bought a +1 pair of gloves of strength for 280 gold pieces
  9187 | D:11     | Found Seoqet's Armour Boutique.
  9190 | D:11     | Bought a +0 tower shield for 72 gold pieces
  9230 | D:11     | Reached skill level 15 in Axes
  9466 | D:11     | Noticed a green ugly thing
  9479 | D:11     | Killed a green ugly thing
  9480 | D:11     | Reached skill level 1 in Shields
  9534 | D:11     | Found Rauppos's Assorted Antiques.
  9540 | D:11     | Bought a scroll of teleportation for 99 gold pieces
  9540 | D:11     | Bought a scroll of identify for 66 gold pieces
 10325 | D:11     | Noticed a tengu warrior
 10336 | D:11     | Killed a tengu warrior
 10584 | D:12     | Noticed a six-headed hydra
 10658 | D:12     | Noticed a two-headed ogre
 10665 | D:12     | Killed a two-headed ogre
 10746 | D:12     | Noticed a six-headed hydra
 10757 | D:12     | Killed an eight-headed hydra
 10903 | D:12     | Reached XP level 12. HP: 96/105 MP: 11/11
 11048 | D:12     | Noticed an eight-headed hydra
 11351 | D:13     | Noticed a boulder beetle
 11452 | D:12     | Killed a 13-headed hydra
 11453 | D:12     | Reached skill level 5 in Stealth
 11724 | D:12     | Reached skill level 16 in Axes
 12188 | D:13     | Noticed a two-headed ogre
 12198 | D:13     | Killed a two-headed ogre
 12388 | D:13     | Found Nipytaack's Magic Scroll Emporium.
 12397 | D:13     | Bought a scroll of identify for 34 gold pieces
 12530 | D:13     | Noticed Frances
 12545 | D:13     | Killed Frances
 12546 | D:13     | Reached skill level 10 in Fighting
 12546 | D:13     | Reached skill level 10 in Armour
 12752 | D:13     | Found a gate to the Vaults.
 12752 | D:13     | Noticed a two-headed ogre
 12756 | D:13     | Cast into level 3 of the Abyss (a wizard)
 12921 | Abyss:3  | Slain by a spatial maelstrom

Illustrated notes

Levels and vault maps discovered:
D:1:      saegor_arrival_simple_c, layout_rooms,
          dreamdust_ecumenical_altar_grove
D:2:      layout_rooms, uniq_sigmund
D:3:      kennysheep_slugbush, layout_basic, uniq_ijyb
D:4:      layout_rooms
D:5:      layout_loops_corners, lemuel_tele_altar,
          nicolae_ossuary_entry_false_entrances, grunt_decor_one_mirror,
          uniq_grinder
D:6:      layout_loops_corners, minmay_misc_feat_encased, hex_medium,
          uniq_maggie, uniq_prince_ribbit1
D:7:      layout_layer_cave, minmay_temple_entry_sparse_star, st_stairs_12,
          hellmonk_bongcloud_opening, pf_guarded_unrand_meek
D:8:      layout_basic, serial_shops, nicolae_take_the_stairs
D:9:      layout_cave_pools, due_lair_maze_entry_diamond, erik_orc_1, uniq_erica
D:10:     layout_roguey, gammafunk_ghost_smash
D:11:     layout_irregular_city, serial_shops, kennysheep_little_box,
          nicolae_shop_behind_doors, shop
D:12:     cheibrodos_frozen_isle, layout_stronghold
D:13:     hangedman_arrow_trap, layout_small_grid, david_vaults_1, serial_shops,
          nicolae_stop_n_shop_2, minmay_holes, uniq_frances
Abyss:3:  base: D:5, kilobyte_mutagenic_chamber, kilobyte_mutagenic_chamber,
          bh_abyss_exit_choice

Skill      XL: |  1  2  3  4  5  6  7  8  9 10 11 12 |
---------------+-------------------------------------+-----
Axes           | 4 6 7 8 11 12 14 15 16 | 16.3
Fighting       | 4 5 6 7 8 9 10 | 10.0
Armour         | 3 5 6 7 9 10 | 10.0
Evocations     | 1 2 3 4 5 6 |  6.8
Dodging        | 3 4 6 7 |  7.2
Stealth        | 1 3 4 5 |  5.8
Shields        | 2 3 |  3.8

Action                   |  1- 3 |  4- 6 |  7- 9 | 10-12 || total
-------------------------+-------+-------+-------+-------++-------
Melee: Hand axe          |    49 |    77 |   158 |       ||   284
       Headbutt          |     7 |    13 |    63 |   110 ||   193
       Punch             |     2 |     2 |     4 |     1 ||     9
       War axe           |       |       |   136 |   406 ||   542
Invok: Berserk           |     1 |     2 |     4 |     8 ||    15
       Trog's Hand       |       |     1 |     1 |     3 ||     5
       Brothers in Arms  |       |       |       |     1 ||     1
Evoke: Wand              |       |       |       |    15 ||    15
  Use: Scroll            |       |     5 |     6 |    12 ||    23
       Potion            |       |       |       |     3 ||     3
 Stab: Paralysed         |       |       |       |     8 ||     8
Armor: Animal skin       |     6 |     5 |       |       ||    11
       Chain mail        |       |    16 |   119 |   233 ||   368
Dodge: Dodged            |    42 |    62 |   124 |   133 ||   361
Block: Tower shield      |       |       |       |   186 ||   186
